 Dungeon Crawl Stone Soup version 0.30.1-8-g117510f58f (webtiles) character file.

Game seed: 16114186089220579922

58 monsoonserge the Magician (level 4, -5/31 HPs)
             Began as a Djinni Fire Elementalist on Sept 23, 2023.
             Slain by Terence
             ... wielding a +0 falchion
              (10 damage)
             ... on level 2 of the Dungeon.
             The game lasted 00:03:11 (863 turns).

monsoonserge the Magician (Djinni Fire Elementalist) Turns: 863, Time: 00:03:11

Health: -5/31      AC:  2    Str:  6 (7)  XL:     4   Next: 20%
Gold:   93         EV: 12    Int: 16 (19) God:
                   SH:  0    Dex: 11 (13)

rFire   + + +        f - +0 dagger (vamp)
rCold   . . .        (no shield)
rNeg    . . .        a - +0 robe
rPois   ∞            (no helmet)
rElec   +            (no cloak)
rCorr   +            (no gloves)
SInv    .            (boots unavailable)
Will    .....        (no amulet)
Stlth   ++           (no ring)
HPRegen 0.25/turn    (no ring)
MPRegen 0.00/turn

%: infuse magic (-6 HP)
@: resistant, flying
A: sickness immunity, fire resistance 2, cold vulnerability 1, float, innate
caster, HP casting, extra vitality 1
a: no special abilities


You were on level 2 of the Dungeon.
You visited 1 branch of the dungeon, and saw 2 of its levels.

You collected 93 gold pieces.

Inventory:

Hand Weapons
 b - a +0 long sword
 f - a +0 vampiric dagger (weapon)
Missiles
 d - 5 atropa-tipped darts
Armour
 a - a +0 robe (worn)
Scrolls
 e - a scroll of vulnerability {unknown}
 g - 3 scrolls of identify {unknown}
 h - 2 scrolls of enchant armour {unknown}
 i - a scroll of blinking {unknown}
 k - a scroll of immolation {unknown}
Potions
 c - a potion of resistance
 l - a potion of berserk rage {unknown}


   Skills:
 + Level 2.5 Dodging
 - Level 2.0 Stealth
 * Level 3.4 Spellcasting


You knew the following spells:

 Your Spells              Type           Power      Damage    Failure   Level
a - Foxfire               Conj/Fire      52%        2x1d6     4%          1
b - Scorch                Fire           26%        2d6       7%          2
c - Volatile Blastmotes   Fire/Tloc      26%        2d12      13%         3
d - Inner Flame           Hex/Fire       13%        N/A       13%         3
e - Flame Wave            Conj/Fire      13%        2d6       41%         4
f - Slow                  Hex            52%        N/A       4%          1
Your spell library was empty.

Dungeon Overview and Level Annotations

Branches:
Dungeon (2/15)

Altars:

Annotations:
D:2 Terence


Innate Abilities, Weirdness & Mutations

You are immune to sickness and miasma.
You are immune to poison.
Your flesh is very heat resistant. (rF++)
You are vulnerable to cold. (rC-)
You float through the air rather than walking.
You learn spells naturally, not from books.
Your magical power is your life essence.
You have superior vitality. (+4 MHP)


Message History

Casting: Foxfire (safe; 4% risk of failure)
Confirm with . or Enter, or press ? or * to list all spells.
You conjure some foxfire!
The endoplasm quivers.
Casting: Foxfire (safe; 4% risk of failure)
Confirm with . or Enter, or press ? or * to list all spells.
Flames lash Terence but do no damage.
The foxfire hits Terence.
Terence is lightly wounded.
The foxfire hits the adder.
You kill the adder!
Terence closely misses you.
You have reached level 4!
You feel clever.
Casting: Scorch (safe; 5% risk of failure)
Confirm with . or Enter, or press ? or * to list all spells.
Flames lash the endoplasm.
You kill the endoplasm!
Terence hits you with a +0 falchion!
Unknown command.
Casting: Scorch (safe; 5% risk of failure)
Confirm with . or Enter, or press ? or * to list all spells.
Flames lash the endoplasm.
The endoplasm is moderately wounded.
The endoplasm's fire resistance burns away.
You hear an angry hiss.
Terence hits you with a +0 falchion! Terence hits you with a +0 falchion.
* * * LOW HITPOINT WARNING * * *
You aren't carrying any items that you can evoke.
It was a potion of resistance.
You feel protected. Terence barely misses you.
It was a potion of degeneration.
There was something very wrong with that liquid.
You feel weakened.
You feel dopey.
You feel clumsy. Terence hits you but does no damage.
Terence barely misses you.
You completely miss the endoplasm.
The endoplasm is moderately wounded.
The endoplasm is no longer more vulnerable to fire.
Terence hits you with a +0 falchion!
You die...

...# #.##.#..#
##.# #.##.#..#
.#
#.......#####.#
#
####.#........#
#.##########
#.....# #####.#
#.# ?.
###@###.@..
#..J@......
#†...##....
..........# ..
..$.#.....# ..#
#..#### . ...
#..# #..


You could see Terence (fast) and an endoplasm.

Vanquished Creatures
  2 adders (D:2)
  A dart slug (D:1)
  5 bats
  5 endoplasms
  2 giant cockroaches
  3 goblins (D:1)
  2 hobgoblins (D:1)
  5 jackals (D:1)
  2 kobolds
  A ball python (D:1)
  5 frilled lizards (D:1)
  4 rats (D:1)
37 creatures vanquished.

Vanquished Creatures (others)
  50 foxfires
50 creatures vanquished.

Grand Total: 87 creatures vanquished

Notes
Turn   | Place    | Note
-------+----------+-------------------------------------------
     0 | D:1      | monsoonserge the Djinni Fire Elementalist began the quest
                  | for the Orb.
     0 | D:1      | monsoonserge set off with the following spells memorised:
                  | Foxfire, Scorch, Volatile Blastmotes, Inner Flame, Flame
                  | Wave.
     0 | D:1      | Reached XP level 1. HP: 15/15 MP: 0/0
    73 | D:1      | Reached XP level 2. HP: 12/21 MP: 0/0
   449 | D:1      | Reached XP level 3. HP: 20/25 MP: 0/0
   449 | D:1      | Learned a level 1 spell: Slow
   509 | D:1      | Reached skill level 3 in Spellcasting
   853 | D:2      | Noticed Terence
   859 | D:2      | Reached XP level 4. HP: 28/31 MP: 0/0
   863 | D:2      | Slain by Terence

Illustrated notes

Levels and vault maps discovered:
D:1:      lightli_arrival_statuegarden, layout_basic, minmay_misc_feat_ornament
D:2:      layout_loops_cross, uniq_terence, uniq_natasha, uniq_robin

Skill      XL: |  1  2  3 |
---------------+----------+-----
Spellcasting   | 3 |  3.4
Stealth        | 2 |  2.0
Dodging        | |  2.5

Action                     |  1- 3 |  4- 6 || total
---------------------------+-------+-------++-------
  Melee: Long sword        |     5 |       ||     5
         Dagger            |       |     1 ||     1
   Cast: Foxfire           |    32 |       ||    32
         Scorch            |    15 |     2 ||    17
    Use: Potion            |       |     2 ||     2
   Stab: Sleeping          |     1 |       ||     1
 Armour: Robe              |     1 |     1 ||     2
  Dodge: Dodged            |     7 |     2 ||     9
